 Dungeon Crawl Stone Soup version 0.29-a0-409-gd843f3a48c (webtiles) character file.

Game seed: 6594752505867559114

10955 holysushi the Spry (level 11, -9/51 HPs)
             Began as a Felid Transmuter on May 14, 2022.
             Was the Champion of Ru.
             Killed by divine providence
             ... invoked by a meliai
              (10 damage)
             ... on level 12 of the Dungeon.
             The game lasted 00:38:25 (21530 turns).

holysushi the Spry (Felid Transmuter)              Turns: 21530, Time: 00:38:26

Health: -9/51      AC:  3    Str:  6    XL:     11   Next: 43%
Magic:  10/16      EV: 37    Int: 15    God:    Ru [******]
Gold:   926        SH:  0    Dex: 21    Spells: 6/16 levels left
                                        Lives:  0   Deaths: 3

rFire   x . .      SeeInvis +     - Unarmed
rCold   . . .      Faith    .   (shield unavailable)
rNeg    . . .      Spirit   .   (body armour unavailable)
rPois   +          Reflect  .   (helmet unavailable)
rElec   .          Harm     .   (cloak unavailable)
rCorr   .          Rampage  .   (gloves unavailable)
Will    +....                   (boots unavailable)
Stlth   +++++.....              (no amulet)
HPRegen 0.17/turn               A - +4 ring of evasion
MPRegen 0.15/turn               (no ring)

@: exhausted, wereblooded, quick
A: very small, claws 1, fangs 3, see invisible, speed 1, shaggy fur 3, inability
to use devices, no air magic, no hexes magic, no necromancy magic, disrupted
magic 1, stealthy paws, missing an eye, temperature sensitive, no weapons or
thrown items, no armour, multi-lived, mutation resistance 1, poison resistance
a: Renounce Religion, Draw Out Power, Power Leap, Apocalypse


You were on level 12 of the Dungeon.
You worshipped Ru.
Ru was exalted by your worship.
You visited 1 branch of the dungeon, and saw 12 of its levels.

You collected 926 gold pieces.

Inventory:

Jewellery
 A - a +4 ring of evasion (left paw)
Wands
 u - a wand of paralysis (20)
Scrolls
 b - 6 scrolls of teleportation
 d - a scroll of identify
 h - 4 scrolls of fear
 j - 5 scrolls of noise
 l - 3 scrolls of magic mapping
 s - 3 scrolls of vulnerability
 v - a scroll of poison
 w - 2 scrolls of immolation
 x - a scroll of fog
 y - a scroll of blinking
 D - 4 scrolls of summoning
Potions
 a - 4 potions of lignification
 c - 2 potions of cancellation
 e - 2 potions of haste
 f - a potion of flight
 g - 2 potions of magic {unknown}
 i - a potion of resistance {unknown}
 k - 13 potions of curing
 m - a potion of might
 p - a potion of attraction
 q - a potion of brilliance
 z - 7 potions of heal wounds
 B - 2 potions of berserk rage
 C - 2 potions of ambrosia
 E - a potion of mutation


   Skills:
 + Level 8.2 Fighting
 * Level 17.0 Dodging
 + Level 12.0 Stealth
 + Level 10.5 Unarmed Combat
 - Level 3.0 Spellcasting
 - Level 4.0 Transmutations
 - Level 2.0 Poison Magic


You had 6 spell levels left.
You knew the following spells:

 Your Spells              Type           Power      Damage    Failure   Level
a - Beastly Appendage     Tmut           28%        N/A       6%          1
b - Wereblood             Tmut           14%        N/A       10%         2
c - Spider Form           Tmut/Pois      11%        N/A       24%         3
d - Ice Form              Ice/Tmut       8%         N/A       73%         4

Your spell library contained the following spells:

 Spells                   Type           Power      Damage    Failure   Level
 Apportation              Tloc           4%         N/A       28%         1
 Summon Small Mammal      Summ           8%         N/A       28%         1
 Call Canine Familiar     Summ           2%         N/A       61%         3
 Alistair's Intoxication  Tmut/Pois      7%         N/A       89%         5
 Passage of Golubria      Tloc           2%         N/A       93%         4
 Polar Vortex             Ice            1%         N/A       100%        9
 Inner Flame              Hex/Fire       Unusable   N/A       N/A         3
 Summon Guardian Golem    Hex/Summ       Unusable   N/A       N/A         3
 Tukima's Dance           Hex            Unusable   N/A       N/A         3
 Cause Fear               Hex            Unusable   N/A       N/A         4
 Yara's Violent Unravell  Hex/Tmut       Unusable   3d4       N/A         5
 Freezing Cloud           Conj/Ice/Air   Unusable   6-21      N/A         5
 Simulacrum               Ice/Necr       Unusable   N/A       N/A         6
 Discord                  Hex            Unusable   N/A       N/A         8

Dungeon Overview and Level Annotations

Branches:
Dungeon (12/15)            Temple (0/1) D:5            Lair (0/6) D:11
    Orc (0/2) D:10

Altars:
Ashenzari
Fedhas
Hepliaklqana
Kikubaaqudgha
Nemelex Xobeh
Okawaru
Qazlal
Ru
Sif Muna
Wu Jian
Xom
Yredelemnul
Zin
The Shining One
Beogh

Annotations:
D:12 exclusion: obsidian statue


Innate Abilities, Weirdness & Mutations

You have sharp claws.
You have razor-sharp teeth.
You have supernaturally acute eyesight. (SInv)
You cover ground quickly. (Speed+)
Your thick and shaggy fur keeps you warm. (AC +3, rC+)
You cannot study or use magical devices.
You cannot study or cast Air magic.
You cannot study or cast Hexes magic.
You cannot study or cast Necromancy magic.
Your casting is slightly disrupted.
Your paws help you pounce on unaware monsters.
You are missing an eye, making it more difficult to aim.
You are sensitive to extremes of temperature. (rF-, rC-)
You are incapable of wielding weapons or throwing items.
You cannot wear armour.
You gain extra lives every three experience levels.
You are somewhat resistant to further mutation.
Your system is resistant to poisons. (rPois)


Message History

The meliai is stunned by your conviction and fails to attack.
You closely miss the meliai. Your bite misses the meliai.
You redirect the meliai's attack!
The meliai misses you. The meliai closely misses you.
You scratch the meliai. Your bite misses the meliai.
The meliai is lightly wounded.
The meliai completely misses you. The meliai closely misses you.
The meliai calls down the wrath of its god upon you.
Something smites you!
The meliai begins to pray, but is stunned by your conviction!
You scratch the meliai.
The meliai is moderately wounded.
The meliai misses you. The meliai barely misses you.
The meliai is stunned by your conviction and fails to attack.
You claw the meliai!
The meliai is heavily wounded.
You redirect the meliai's attack!
The meliai completely misses you. The meliai stings you!
You focus your inner power and blind the meliai in retribution!
You miss the meliai.
The meliai is heavily wounded.
You redirect the meliai's attack!
The meliai barely misses the killer bee.
The meliai completely misses you.
The meliai closely misses the killer bee.
The meliai hits you with a +0 war axe. The meliai completely misses you.
You scratch the meliai but do no damage.
You bite the meliai.
The meliai is severely wounded.
The meliai calls down the wrath of its god upon you.
Something smites you!
* * * LOW HITPOINT WARNING * * *
You hear an angry buzzing noise. x2
You closely miss the meliai.
The meliai is severely wounded.
You hear an angry buzzing noise. x2
The meliai begins to pray, but is stunned by your conviction!
The meliai calls down the wrath of its god upon you.
Something smites you!
You die...

y. .y . #' ### #.### #..
#.C.# ###+### #.#
#######y## #.....# #>.
#......yy######.....# ###
#......yyy@...#.....# #..
#.......y####.#.....#####.#
#........# '.....#...'..
#........# #...[.'.###.#
###.###### #.....### #.#
#..# #.....# ### #)##
####'## # #.# ##.# #
####'##### #..# #


You could see a cyclops, 2 meliai and 5 killer bees.

Vanquished Creatures
  Erolcha (D:11)
  Harold (D:9)
  4 two-headed ogres
  Lodul (D:10)
  A deep elf pyromancer (D:12)
  A manticore (D:11)
  2 ugly things
  Joseph (D:8)
  5 centaur zombies (D:10)
  Psyche (D:8)
  2 gargoyles
  An unseen horror (D:12)
  A kobold demonologist (D:11)
  A komodo dragon (D:11)
  A troll (D:10)
  A hornet (D:10)
  A meliai zombie (D:10)
  22 yaks
  A shadow (D:9)
  A wyvern (D:9)
  2 wraiths
  2 vampire mosquitoes
  3 swamp worms (D:10)
  An acid dragon (D:11)
  Duvessa (D:6)
  5 orc warriors
  An ice beast (D:5)
  3 black bears
  A sky beast (D:8)
  10 ogres
  3 centaurs
  4 kobold brigands
  A phantom (D:4)
  A necrophage (D:6)
  A gnoll sergeant (D:12)
  2 bullfrogs (D:8)
  9 wights
  Dowan (D:6)
  22 killer bees
  2 howler monkeys (D:11)
  2 hounds
  4 jellies
  4 gnoll shamans
  8 orc priests
  18 orc wizards
  3 iguanas
  A howler monkey zombie (D:10)
  2 mummies (D:10)
  22 gnolls
  4 adders
  2 white imps
  2 ufetubi
  3 worms
  3 dart slugs
  43 orcs
  4 endoplasms
  4 giant cockroaches
  9 goblins
  5 hobgoblins
  4 jackals (D:1)
  31 kobolds
  4 quokkas
  3 ball pythons
  7 bats
  5 frilled lizards
  5 rats
327 creatures vanquished.

Vanquished Creatures (others)
  A wyvern (D:11)
  A human (D:8)
  A kobold brigand (D:11)
  A killer bee (D:10)
  An orc (D:10)
  4 plants (D:10)
  12 withered plants (D:11)
21 creatures vanquished.

Grand Total: 348 creatures vanquished

Notes
Turn   | Place    | Note
-------+----------+-------------------------------------------
     0 | D:1      | holysushi the Felid Transmuter began the quest for the Orb.
     0 | D:1      | Reached XP level 1. HP: 9/9 MP: 4/4
   291 | D:1      | Reached skill level 3 in Dodging
   291 | D:1      | Reached XP level 2. HP: 1/12 MP: 4/6
  1582 | D:1      | Reached XP level 3. HP: 13/15 MP: 7/7
  1729 | D:1      | Found a faded altar of an unknown god.
  1905 | D:1      | Prayed at the altar of an unknown god.
  1905 | D:1      | Became a worshipper of Ru the Awakened
  1919 | D:1      | Gained mutation: You are sensitive to extremes of
                  | temperature. (rF-, rC-) [Ru sacrifice]
  1919 | D:1      | Reached * piety under Ru
  1919 | D:1      | Reached ** piety under Ru
  1958 | D:1      | Learned a level 2 spell: Wereblood
  1962 | D:1      | Learned a level 3 spell: Spider Form
  2567 | D:2      | Found a shimmering altar of Xom.
  3318 | D:3      | Found a blossoming altar of Fedhas.
  3420 | D:3      | Found a sparkling altar of Nemelex Xobeh.
  4122 | D:3      | Reached skill level 1 in Stealth
  4122 | D:3      | Reached XP level 4. HP: 14/19 MP: 8/8
  5102 | D:4      | Gained mutation: You cannot study or use magical devices.
                  | [Ru sacrifice]
  5102 | D:4      | Reached *** piety under Ru
  5102 | D:4      | Reached **** piety under Ru
  5271 | D:4      | Reached skill level 1 in Poison Magic
  5323 | D:4      | Reached XP level 5. HP: 23/23 MP: 3/9
  5378 | D:4      | Noticed a phantom
  5416 | D:4      | Killed a phantom
  5417 | D:4      | Reached skill level 4 in Dodging
  5704 | D:4      | Noticed an air elemental
  5705 | D:4      | Found a stormy altar of Qazlal.
  5708 | D:4      | Noticed a water elemental
  5708 | D:4      | Noticed a fire elemental
  5879 | D:4      | Gained mutation: You are covered in thick fur. (AC +2)
                  | [Felid growth]
  5879 | D:4      | Reached XP level 6. HP: 27/27 MP: 4/10
  6157 | D:5      | Entered Level 5 of the Dungeon
  6378 | D:5      | Reached skill level 5 in Unarmed Combat
  6536 | D:5      | Gained mutation: You sometimes lose the ability to read
                  | scrolls when taking damage. [potion of mutation]
  6536 | D:5      | Gained mutation: You have hidden genetic potential. [potion
                  | of mutation]
  6548 | D:5      | Lost mutation: You sometimes lose the ability to read
                  | scrolls when taking damage. [potion of mutation]
  6548 | D:5      | Lost mutation: You have hidden genetic potential. [potion
                  | of mutation]
  6548 | D:5      | Gained mutation: You are partially covered in iridescent
                  | scales. (AC +2) [potion of mutation]
  6548 | D:5      | Gained mutation: Your body sometimes deteriorates upon
                  | taking damage. [potion of mutation]
  6548 | D:5      | Gained mutation: You are frail. (-10% HP) [potion of
                  | mutation]
  6548 | D:5      | Gained mutation: You possess an exceptional clarity of
                  | mind. [potion of mutation]
  6549 | D:5      | Lost mutation: Your body sometimes deteriorates upon taking
                  | damage. [potion of mutation]
  6549 | D:5      | Lost mutation: You are partially covered in iridescent
                  | scales. (AC +2) [potion of mutation]
  6549 | D:5      | Gained mutation: You are somewhat resistant to further
                  | mutation. [potion of mutation]
  6549 | D:5      | Gained mutation: You have a pair of small antennae on your
                  | head. [potion of mutation]
  6776 | D:5      | Found a glowing golden altar of the Shining One.
  6811 | D:5      | Reached XP level 7. HP: 27/27 MP: 3/11
  7080 | D:5      | Found a staircase to the Ecumenical Temple.
  7265 | D:5      | Reached skill level 5 in Dodging
  7347 | D:5      | Found a glowing silver altar of Zin.
  8150 | D:6      | Found an ornate altar of the Wu Jian Council.
  8356 | D:6      | Noticed Duvessa
  8359 | D:6      | Noticed Dowan
  8410 | D:6      | Killed Duvessa
  8411 | D:6      | Reached XP level 8. HP: 26/32 MP: 4/12
  8449 | D:6      | Killed Dowan
  8667 | D:6      | Reached skill level 6 in Dodging
  8680 | D:6      | Learned a level 4 spell: Ice Form
  8855 | D:6      | Noticed a cyan ugly thing
  8856 | D:6      | Noticed a gargoyle
  9230 | D:6      | Gained mutation: You are missing an eye, making it more
                  | difficult to aim. [Ru sacrifice]
  9230 | D:6      | Reached ***** piety under Ru
  9509 | D:6      | Slain by a wraith
  9510 | D:6      | Reached XP level 7. HP: 0/28 MP: 8/12
  9565 | D:6      | Killed a wraith
  9857 | D:6      | Killed a cyan ugly thing
  9858 | D:6      | Reached skill level 5 in Fighting
  9858 | D:6      | Reached XP level 8. HP: 27/33 MP: 4/13
  9949 | D:6      | Killed from afar by a gargoyle
  9950 | D:6      | Reached XP level 7. HP: -4/29 MP: 8/12
 10089 | D:6      | Killed a gargoyle
 10090 | D:6      | Reached skill level 7 in Dodging
 10241 | D:7      | Reached XP level 8. HP: 33/33 MP: 7/13
 11386 | D:7      | Reached skill level 8 in Dodging
 12249 | D:7      | Reached XP level 9. HP: 37/37 MP: 8/14
 12429 | D:7      | Reached skill level 9 in Dodging
 12587 | D:7      | Found a shimmering blue altar of Sif Muna.
 12922 | D:8      | Noticed Psyche
 13214 | D:8      | Reached skill level 10 in Dodging
 13214 | D:8      | Killed Psyche
 13215 | D:8      | Reached skill level 5 in Stealth
 13544 | D:8      | Found an ancient bone altar of Kikubaaqudgha.
 13550 | D:8      | Reached skill level 11 in Dodging
 13618 | D:8      | Gained mutation: You cannot study or cast Air magic. [Ru
                  | sacrifice]
 13618 | D:8      | Gained mutation: You cannot study or cast Hexes magic. [Ru
                  | sacrifice]
 13618 | D:8      | Gained mutation: You cannot study or cast Necromancy magic.
                  | [Ru sacrifice]
 13838 | D:8      | Noticed Joseph
 13841 | D:8      | Killed Joseph
 13842 | D:8      | Reached XP level 10. HP: 28/41 MP: 6/15
 14283 | D:9      | Reached skill level 12 in Dodging
 14677 | D:9      | Noticed Harold
 14685 | D:9      | Killed Harold
 14686 | D:9      | Reached skill level 13 in Dodging
 15006 | D:9      | Found a sacrificial altar of Ru.
 15588 | D:9      | Found a hazy altar of Hepliaklqana.
 15783 | D:10     | Entered Level 10 of the Dungeon
 15811 | D:10     | Reached skill level 14 in Dodging
 15848 | D:10     | Noticed a two-headed ogre
 16171 | D:10     | Killed a two-headed ogre
 16277 | D:10     | Reached XP level 11. HP: 44/44 MP: 16/16
 16417 | D:10     | Noticed a two-headed ogre
 16517 | D:9      | Killed a two-headed ogre
 16634 | D:9      | Lost mutation: You possess an exceptional clarity of mind.
                  | [potion of mutation]
 16634 | D:9      | Lost mutation: You have a pair of small antennae on your
                  | head. [potion of mutation]
 16634 | D:9      | Lost mutation: You are frail. (-10% HP) [potion of
                  | mutation]
 16634 | D:9      | Gained mutation: Your system is resistant to poisons.
                  | (rPois) [potion of mutation]
 17032 | D:10     | Found a staircase to the Orcish Mines.
 17044 | D:10     | Reached skill level 10 in Stealth
 17081 | D:10     | HP: 2/49 [orc warrior/+0 hand axe (16)]
 17684 | D:10     | Found an iron altar of Okawaru.
 17709 | D:10     | Noticed Lodul
 17718 | D:10     | Killed Lodul
 17719 | D:10     | Reached skill level 15 in Dodging
 18053 | D:10     | Found a broken altar of Ashenzari.
 19115 | D:10     | Found a basalt altar of Yredelemnul.
 19153 | D:11     | Gained mutation: Your casting is slightly disrupted. [Ru
                  | sacrifice]
 19153 | D:11     | Reached ****** piety under Ru
 19169 | D:11     | Noticed a two-headed ogre
 19171 | D:11     | Killed a two-headed ogre
 19172 | D:11     | Reached skill level 16 in Dodging
 19189 | D:11     | Noticed Erolcha
 19190 | D:11     | Killed Erolcha
 19191 | D:11     | Reached skill level 10 in Unarmed Combat
 19575 | D:11     | Found a staircase to the Lair.
 19672 | D:11     | Noticed a two-headed ogre
 19867 | D:11     | Killed a two-headed ogre
 19941 | D:11     | Noticed a skeletal warrior
 19944 | D:11     | Noticed a purple ugly thing
 19946 | D:11     | Noticed a skeletal warrior
 20060 | D:10     | Killed a purple ugly thing
 20143 | D:11     | Gained mutation: Your thick and shaggy fur keeps you warm.
                  | (AC +3, rC+) [Felid growth]
 20143 | D:11     | Reached XP level 12. HP: 52/55 MP: 12/17
 20267 | D:11     | Slain by a komodo dragon
 20268 | D:11     | Reached XP level 11. HP: -4/51 MP: 12/16
 20613 | D:11     | Found an ancient bone altar of Kikubaaqudgha.
 21134 | D:12     | Noticed an obsidian statue
 21388 | D:12     | Noticed a deep elf pyromancer
 21400 | D:12     | Killed a deep elf pyromancer
 21401 | D:12     | Reached skill level 17 in Dodging
 21529 | D:12     | HP: 1/51 [meliai/divine providence (15)]
 21530 | D:12     | Killed from afar by a meliai

Illustrated notes

Levels and vault maps discovered:
D:1:      saegor_arrival_simple_a, layout_basic, ebering_ecumenical_altar_ruins
D:2:      layout_basic, basic_altar
D:3:      minmay_razor_zed, layout_basic, nemelex_diamond_rough_becter,
          fedhas_altar_1, serial_bayou_crossing
D:4:      layout_basic, nicolae_qazlal_style_of_elements
D:5:      layout_basic, nicolae_tso_carved_into_rock,
          mainiacjoe_overflow_alcove_4, temple_pool_b, grunt_ministairs_15
D:6:      layout_basic, marbit_many_paths, uniq_duvessa
D:7:      layout_loops_corners, led_sif_pool
D:8:      layout_gridville, tgw_kikubaaqudgha, uniq_psyche, uniq_joseph
D:9:      layout_stronghold, nicolae_hepliaklqana_hippocampus,
          nicolae_ru_sacrificial_ziggurat, uniq_harold
D:10:     layout_rooms, lemuel_mausoleum_altar_yredelemnul, old_standard_altar,
          kennysheep_little_box, david_orc_5, worms_lemuel, uniq_lodul
D:11:     layout_long_grid, lair_entry_dummy, kiku_gazebo_garden_becter,
          uniq_erolcha
D:12:     layout_roguey [special_room_bee], drop_trap, minmay_protected_statue

Skill      XL: |  1  2  3  4  5  6  7  8  9 10 11 |
---------------+----------------------------------+-----
Dodging        | 3 4 7 8 11 14 17 | 17.0
Fighting       | 2 3 5 6 8 |  8.2
Unarmed Combat | 4 5 8 9 10 | 10.5
Stealth        | 1 2 3 4 6 9 12 | 12.0
Poison Magic   | 1 2 |  2.0
Transmutations | 4 3 |  4.0
Spellcasting   | 3 |  3.0

Action                   |  1- 3 |  4- 6 |  7- 9 | 10-12 || total
-------------------------+-------+-------+-------+-------++-------
Melee: Unarmed           |   145 |    38 |   136 |   414 ||   733
       Headbutt          |    19 |     3 |       |       ||    22
       Bite              |     8 |     5 |     9 |    52 ||    74
       Punch             |     5 |       |     5 |    17 ||    27
 Cast: Beastly Appendage |    33 |     6 |       |       ||    39
       Wereblood         |       |       |     4 |     9 ||    13
Invok: Sacrifice Resista |     1 |       |       |       ||     1
       Power Leap        |       |    16 |    55 |    34 ||   105
       Sacrifice Artific |       |     1 |       |       ||     1
       Apocalypse        |       |       |     5 |     5 ||    10
       Sacrifice an Eye  |       |       |     1 |       ||     1
       Sacrifice Arcana  |       |       |     1 |       ||     1
       Sacrifice Essence |       |       |       |     1 ||     1
  Use: Potion            |       |     4 |       |     1 ||     5
       Scroll            |       |       |       |    25 ||    25
 Stab: Sleeping          |     2 |     5 |     3 |    12 ||    22
       Paralysed         |       |       |     2 |     3 ||     5
       Invisible         |       |       |     2 |     3 ||     5
       Distracted        |       |       |       |     5 ||     5
Armor: Skin              |     8 |     1 |     6 |     7 ||    22
Dodge: Dodged            |   106 |    25 |   151 |   441 ||   723

Table legend: (Time is in decaauts)
 A = Elapsed time spent in this place.
 B = Non-inter-level travel time spent in this place.
 C = Inter-level travel time spent in this place.
 D = Time resting spent in this place.
 E = Time spent auto-exploring this place.
 F = Levels seen in this place.
 G = Mean time per level.
                   A        B        C        D        E       F      G
               +--------+--------+--------+--------+--------+-----+--------+
         Total |  19369 |  18810 |    559 |   8251 |   6792 |  12 | 1614.1 |
       Dungeon |  19369 |  18810 |    559 |   8251 |   6792 |  12 | 1614.1 |
               +--------+--------+--------+--------+--------+-----+--------+

Top non-repeatable levels by time:
     D:9: 2680 daAuts
     D:6: 2442 daAuts
    D:10: 2080 daAuts
     D:7: 1939 daAuts
     D:1: 1822 daAuts
     D:5: 1778 daAuts
     D:3: 1472 daAuts
     D:4: 1276 daAuts
     D:2: 1243 daAuts
    D:11: 1201 daAuts
     D:8: 862 daAuts
    D:12: 569 daAuts
